 Dungeon Crawl Stone Soup version 0.23.2-30-g0e89c35649 (webtiles) character file.

Game seed: 6032034252742264299

161 H0rd4k the Magician (level 5, -7/28 HPs)
             Began as a Deep Elf Wizard on June 25, 2019.
             Killed by divine providence
             ... invoked by an orc priest
              (9 damage)
             ... on level 3 of the Dungeon.
             The game lasted 00:06:14 (2892 turns).

H0rd4k the Magician (Deep Elf Wizard)               Turns: 2892, Time: 00:06:15

Health: -7/28      AC:  2    Str:  4    XL:     5   Next: 18%
Magic:  3/16       EV: 13    Int: 24    God:
Gold:   115        SH:  0    Dex: 13    Spells: 11/17 levels left

rFire    + . .     SeeInvis .   (no weapon)
rCold    + . .     Gourm    .   (no shield)
rNeg     . . .     Faith    .   a - +0 robe
rPois    .         Spirit   .   b - +0 hat
rElec    .         Reflect  .   l - scarf {rC+ rF+}
rCorr    .         Harm     .   (no gloves)
MR       .....                  (no boots)
Stlth    ++........             (no amulet)
HPRegen  0.09/turn              (no ring)
MPRegen  0.15/turn              (no ring)

@: no status effects
A: no striking features
a: no special abilities


You were on level 3 of the Dungeon.
You were not hungry.

You visited 1 branch of the dungeon, and saw 3 of its levels.

You collected 115 gold pieces.

Inventory:

Missiles
 c - 7 curare-tipped needles
Armour
 a - a +0 robe (worn)
 b - a +0 hat (worn)
 l - a scarf of resistance (worn)
Jewellery
 o - an uncursed amulet of the gourmand {unknown}
Scrolls
 g - 2 scrolls of identify {unknown}
 h - a scroll of blinking {unknown}
 m - a scroll of remove curse {unknown}
Potions
 e - 4 potions of curing {unknown}
 f - 3 potions of heal wounds {unknown}
 i - 2 potions of flight {unknown}
 j - a potion of berserk rage {unknown}
 k - a potion of ambrosia {unknown}
 n - a potion of invisibility {unknown}
Comestibles
 d - 2 rations


   Skills:
 + Level 0.3 Fighting
 + Level 3.0 Dodging
 + Level 2.9 Stealth
 + Level 6.7 Spellcasting
 + Level 2.7 Conjurations
   Level 1.1 Summonings
 + Level 1.1 Translocations


You had 11 spell levels left.
You knew the following spells:

 Your Spells              Type           Power        Failure   Level  Hunger
a - Magic Dart            Conj           ###.         2%          1    None
b - Blink                 Tloc           N/A          7%          2    None
c - Conjure Flame         Conj/Fire      ##......     13%         3    None

Your spell library contained the following spells:

 Spells                   Type           Power        Failure   Level  Hunger
 Call Imp                 Summ           ##......     7%          2    None
 Slow                     Hex            #.......     11%         2    None
 Mephitic Cloud           Conj/Pois/Air  ##......     16%         3    None


Dungeon Overview and Level Annotations

Branches:
Dungeon (3/15)

Altars:
Makhleb


Message History

The orc priest closely misses you.
Casting: Magic Dart (safe; 2% risk of failure)
Confirm with . or Enter, or press ? or * to list all spells.
Aiming: Magic Dart (safe; 2% risk of failure)
Press: ? - help, Shift-Dir - straight line, f/p - orc priest
Aim: an orc priest, wielding a +0 mace and wearing a +0 ring mail (heavily wounded)
The magic dart hits the orc priest.
The orc priest is heavily wounded.
The orc priest calls down the wrath of Beogh upon you.
You struggle to resist.
Casting: Magic Dart (safe; 2% risk of failure)
Confirm with . or Enter, or press ? or * to list all spells.
Aiming: Magic Dart (safe; 2% risk of failure)
Press: ? - help, Shift-Dir - straight line, f/p - orc priest
Aim: an orc priest, wielding a +0 mace and wearing a +0 ring mail (heavily wounded)
The magic dart hits the orc priest.
The orc priest is almost dead.
The orc priest calls down the wrath of Beogh upon you.
Beogh smites you!
You die...

#.# ..# ..# .o
# .# #
########.# ##
#....@og.####.#
.
#.#####l.†..)..
# #.# #.#######
# #.# #.# # #.#
#.# ###### #.#
#.# #..... #.#
#.# #<#### #.#
#.# #.# #.# ...
#<#


You could see an orc priest, a hobgoblin and a frilled lizard.

Vanquished Creatures
  A hound (D:2)
  4 adders
  3 worms (D:2)
  A dart slug (D:2)
  2 leopard geckos
  6 orcs (D:3)
  A ball python (D:3)
  5 giant cockroaches
  8 goblins
  4 hobgoblins
  10 jackals (D:1)
  3 kobolds (D:1)
  2 quokkas (D:2)
  9 bats
  3 frilled lizards (D:1)
  10 rats
72 creatures vanquished.

Notes
Turn   | Place    | Note
-------+----------+-------------------------------------------
     0 | D:1      | H0rd4k the Deep Elf Wizard began the quest for the Orb.
     0 | D:1      | Reached XP level 1. HP: 10/10 MP: 7/7
   167 | D:1      | Reached XP level 2. HP: 15/15 MP: 5/9
   205 | D:1      | Reached skill level 5 in Spellcasting
   765 | D:1      | Reached XP level 3. HP: 19/19 MP: 7/11
  1691 | D:2      | Reached XP level 4. HP: 23/24 MP: 9/13
  1717 | D:2      | Reached skill level 6 in Spellcasting
  2262 | D:2      | Found a burning altar of Makhleb.
  2638 | D:3      | Reached XP level 5. HP: 28/28 MP: 4/16
  2753 | D:3      | Learned a level 2 spell: Blink
  2757 | D:3      | Learned a level 3 spell: Conjure Flame
  2892 | D:3      | Killed from afar by an orc priest

Skill      XL: |  1  2  3  4 |
---------------+-------------+-----
Spellcasting   | 5 6 |  6.7
Dodging        | 3 |  3.0
Conjurations   | 2 |  2.7
Fighting       | |  0.3
Stealth        | |  2.9
Summonings     | |  1.1
Translocations | |  1.1

Action                   |  1- 3 |  4- 6 || total
-------------------------+-------+-------++-------
Melee: Unarmed           |     9 |       ||     9
 Cast: Magic Dart        |   124 |    89 ||   213
  Eat: Chunk             |     2 |     4 ||     6
Armor: Robe              |     9 |       ||     9
Dodge: Dodged            |    38 |    10 ||    48
